 Dungeon Crawl Stone Soup version 0.23-a0-358-g98c7a59 (webtiles) character file.

159 tilp the Chiller (level 5, -1/38 HPs)
             Began as a Merfolk Ice Elementalist on Oct 22, 2018.
             Killed from afar by an orc wizard (8 damage)
             ... with a puff of frost
             ... on level 3 of the Dungeon.
             The game lasted 00:08:11 (2910 turns).

tilp the Chiller (Merfolk Ice Elementalist)         Turns: 2910, Time: 00:08:12

Health: -1/38      AC:  5    Str:  9    XL:     5   Next: 40%
Magic:  0/8        EV: 13    Int: 15    God:
Gold:   121        SH:  0    Dex: 14    Spells: 2/8 levels left

rFire    . . .     SeeInvis .   g - +2 dagger (freeze)
rCold    . . .     Gourm    .   (no shield)
rNeg     . . .     Faith    .   a - +0 robe
rPois    .         Spirit   .   (no helmet)
rElec    .         Reflect  .   (no cloak)
rCorr    .         Harm     .   (no gloves)
MR       .....                  j - +2 pair of boots
Stlth    ++........             (no amulet)
HPRegen  0.12/turn              (no ring)
MPRegen  0.11/turn              (no ring)

@: very slightly contaminated
A: change form in water, swift swim, stealthy swim
a: no special abilities


You were on level 3 of the Dungeon.
You were not hungry.

You visited 1 branch of the dungeon, and saw 3 of its levels.

You collected 121 gold pieces.

Inventory:

Hand Weapons
 g - a +2 dagger of freezing (weapon)
Missiles
 i - 5 tomahawks (quivered)
Armour
 a - a +0 robe (worn)
 j - a +2 pair of boots (worn)
Jewellery
 h - an uncursed ring of protection from fire {unknown}
Scrolls
 b - 4 scrolls of identify
 e - 2 scrolls of teleportation {unknown}
 k - a scroll of random uselessness {unknown}
 l - 3 scrolls of amnesia
 n - a scroll of enchant armour
Potions
 d - a potion of haste
Comestibles
 c - 3 rations
 m - 10 chunks of flesh


   Skills:
 + Level 2.2 Fighting
 - Level 2.6 Dodging
 - Level 2.1 Stealth
 - Level 2.0 Spellcasting
 - Level 0.7 Conjurations
 - Level 6.0 Ice Magic


You had 2 spell levels left.
You knew the following spells:

 Your Spells              Type           Power        Failure   Level  Hunger
a - Freeze                Ice            ###.         1%          1    #......
b - Throw Frost           Conj/Ice       ##....       9%          2    ###....
c - Ozocubu's Armour      Chrm/Ice       ##......     19%         3    ###....

Your spell library contained the following spells:

 Spells                   Type           Power        Failure   Level  Hunger
 Throw Icicle             Conj/Ice       ##......     50%         4    #####..
 Summon Ice Beast         Ice/Summ       ##......     54%         4    #####..


Dungeon Overview and Level Annotations

Branches:
Dungeon (3/15)

Altars:
Okawaru

Annotations:
D:3 Terence


Message History

The orc wizard closely misses you.
You hit the orc wizard but do no damage.
The orc wizard is severely wounded.
The orc wizard barely misses you.
You hit the orc wizard but do no damage.
The orc wizard is severely wounded.
The orc wizard gestures at you while chanting.
The magic dart hits you!
* * * LOW HITPOINT WARNING * * *
You hit the orc wizard. You freeze the orc wizard.
The orc wizard is severely wounded.
The orc wizard gestures wildly while chanting.
The orc wizard flickers and vanishes!
Deactivating autopickup; reactivate with Ctrl-A.
You barely miss something. Something hits you.
* * * LOW HITPOINT WARNING * * *
You hear some strange, mumbled words.
A puff of frost appears from out of thin air!
The puff of frost hits you!
You die...

....#.....##
............##
.............###
...............#
................
................ ### #
......................###
.......†@........# #....
........)...<....# #####
.....#..{........# # ####
###........#### #
##........... ####
#..........# ....
#..........# ..###
#..........# ....
#..........# ....


There were no monsters in sight!

Vanquished Creatures
  An orc priest (D:3)
  5 adders
  2 worms (D:2)
  2 dart slugs
  2 leopard geckos (D:1)
  3 orcs
  5 giant cockroaches
  9 goblins
  12 hobgoblins
  6 jackals
  2 quokkas (D:3)
  4 ball pythons
  3 bats
  3 frilled lizards (D:1)
  4 kobolds
  4 rats
67 creatures vanquished.

Notes
Turn   | Place    | Note
-------+----------+-------------------------------------------
     0 | D:1      | tilp the Merfolk Ice Elementalist began the quest for the
                  | Orb.
     0 | D:1      | Reached XP level 1. HP: 13/13 MP: 3/3
   178 | D:1      | Reached XP level 2. HP: 17/19 MP: 0/5
   182 | D:1      | Learned a level 2 spell: Throw Frost
   313 | D:1      | Reached skill level 4 in Ice Magic
   741 | D:1      | Reached XP level 3. HP: 23/24 MP: 2/6
   760 | D:1      | Learned a level 3 spell: Ozocubu's Armour
  1201 | D:2      | Reached skill level 5 in Ice Magic
  1462 | D:2      | Reached XP level 4. HP: 22/30 MP: 0/7
  2144 | D:3      | Noticed Terence
  2396 | D:3      | Found an iron altar of Okawaru.
  2460 | D:3      | Reached skill level 6 in Ice Magic
  2651 | D:3      | Reached XP level 5. HP: 36/36 MP: 8/8
  2799 | D:3      | Reached skill level 1 in Fighting
  2910 | D:3      | Killed from afar by an orc wizard

Vault maps used:
D:1:      roderic_chinese_lattice_arrival, minmay_misc_feat_diagonals
D:3:      okawaru_metal_pillars_1_2, uniq_terence

Skill      XL: |  1  2  3  4  5 |
---------------+----------------+-----
Ice Magic      | 4 5 6 |  6.0
Fighting       | 2 |  2.2
Dodging        | |  2.6
Stealth        | |  2.1
Spellcasting   | |  2.0
Conjurations   | |  0.7

Action                   |  1- 3 |  4- 6 || total
-------------------------+-------+-------++-------
Melee: Dagger            |    68 |    56 ||   124
Throw: Tomahawk          |     3 |       ||     3
 Cast: Freeze            |    35 |    33 ||    68
       Throw Frost       |     1 |     1 ||     2
       Ozocubu's Armour  |     2 |       ||     2
  Use: Scroll            |     4 |     2 ||     6
       Potion            |       |     1 ||     1
 Stab: Sleeping          |     3 |     3 ||     6
  Eat: Chunk             |     3 |     5 ||     8
Armor: Robe              |    21 |    13 ||    34
Dodge: Dodged            |    38 |    57 ||    95

Table legend:
 A = Non-vault XP
 B = Vault XP
 C = Vault XP percentage of total XP
 D = Non-vault monster count
 E = Vault monster count
 F = Vault count percentage of total count
                 A         B        C        D         E       F
            +---------+---------+-------+---------+---------+-------
      Total |     228 |       0 |   0.0 |      67 |       0 |   0.0
            +---------+---------+-------+---------+---------+-------
        D:1 |      46 |       0 |   0.0 |      28 |       0 |   0.0
        D:2 |      81 |       0 |   0.0 |      21 |       0 |   0.0
        D:3 |     101 |       0 |   0.0 |      18 |       0 |   0.0
            +---------+---------+-------+---------+---------+-------
